TOP OF THE 1ST |
Quad Cities River Bandits batting - Pitching for Delmarva Shorebirds : RHP Kevin Stewart
|
Pitching: RHP Kevin Stewart
|
|
Batting: RHB Sean Mounts
|
0-0: Called Strike 0-1: Foul Ball, location: 2F 0-2: Foul Ball, location: 2F 0-2: Ball 1-2: Ball 2-2: Ball 3-2: Base on Balls
|
Batting: LHB Daigo Ishii
|
0-0: Foul Ball, location: 2F 0-1: Foul Ball, location: 2F 0-2: Ball 1-2: Ball 2-2: Ball 3-2: Fly out, F8 (Flyball, 78D, EV 93.8 MPH)
|
Batting: LHB Danny Wolver
|
0-0: Foul Ball, location: 2F 0-1: Ball 1-1: Ball 2-1: Ball 3-1: Base on Balls Sean Mounts to second
|
Batting: LHB Josh Birkner
|
0-0: Ball 1-0: Foul Ball, location: 2F 1-1: Ball 2-1: Ball 3-1: Base on Balls Sean Mounts to third Danny Wolver to second
|
Batting: RHB Alex Campos
|
0-0: Fly out, F6 (Popup, 4MS, EV 66.2 MPH)
|
Batting: LHB Bob Govella
|
0-0: Called Strike 0-1: Ball 1-1: Ball 2-1: Ball 3-1: Called Strike 3-2: Foul Ball, location: 2F 3-2: Strikes out looking
|
Top of the 1st over - 0 runs, 0 hits, 0 errors, 3 left on base; Quad Cities 0 - Delmarva 0 |
BOTTOM OF THE 1ST |
Delmarva Shorebirds batting - Pitching for Quad Cities River Bandits : RHP Ray Strehler
|
Pitching: RHP Ray Strehler
|
|
Batting: RHB Josh Hopp
|
0-0: Ball 1-0: Ball 2-0: Ball 3-0: Base on Balls
|
Batting: RHB Daniel Jackson
|
0-0: Foul Ball, location: 2F 0-1: Foul Ball, location: 2F 0-2: Ball 1-2: Hit by Pitch Josh Hopp to second
|
Batting: RHB Ethan Finke
|
0-0: Called Strike 0-1: Ball 1-1: 3-RUN HOME RUN (Flyball, 89XD, EV 113.8 MPH), Distance : 418 ft
|
Batting: RHB Ismael Macedo
|
0-0: Ball 1-0: Ball 2-0: Called Strike 2-1: SINGLE (Line Drive, 34D, EV 95.6 MPH)
|
Batting: RHB Luke Vaccarino
|
0-0: Fly out, F8 (Flyball, 8RM, EV 89.4 MPH)
|
Batting: RHB Francisco Viera
|
0-0: Ball Ismael Macedo is caught stealing 2nd base 2-4 1-0: Fly out, F4 (Line Drive, 4, EV 76.9 MPH)
|
Bottom of the 1st over - 3 runs, 2 hits, 0 errors, 0 left on base; Quad Cities 0 - Delmarva 3 |
TOP OF THE 2ND |
Quad Cities River Bandits batting - Pitching for Delmarva Shorebirds : RHP Kevin Stewart
|
Batting: RHB Kieron Clark
|
0-0: Ball 1-0: Called Strike 1-1: Foul Ball, location: 2F 1-2: Strikes out swinging, 2-3 out at first.
|
Batting: LHB Fernando Gomez
|
0-0: Ball 1-0: Ball 2-0: Called Strike 2-1: Ball 3-1: Called Strike 3-2: Base on Balls
|
Batting: RHB Reginald McDougall
|
0-0: Called Strike 0-1: Ball 1-1: Ball 2-1: Hit by Pitch Fernando Gomez to second
|
Batting: RHB Sean Mounts
|
0-0: Called Strike 0-1: Swinging Strike 0-2: Ball 1-2: Strikes out swinging
|
Batting: LHB Daigo Ishii
|
0-0: Foul Ball, location: 2F 0-1: Ball 1-1: Foul Ball, location: 2F 1-2: Strikes out looking
|
Top of the 2nd over - 0 runs, 0 hits, 0 errors, 2 left on base; Quad Cities 0 - Delmarva 3 |
BOTTOM OF THE 2ND |
Delmarva Shorebirds batting - Pitching for Quad Cities River Bandits : RHP Ray Strehler
|
Batting: RHB Wes Reynolds
|
0-0: Swinging Strike 0-1: Foul Ball, location: 2F 0-2: Ball 1-2: Foul Ball, location: 2F 1-2: Ball 2-2: Foul Ball, location: 2F 2-2: SINGLE (Groundball, 5S, EV 70.0 MPH) (infield hit)
|
Batting: RHB Mike Zepeda
|
0-0: Called Strike 0-1: Called Strike 0-2: Ground out 6-3 (Groundball, P, EV 90.6 MPH) Wes Reynolds to second
|
Batting: RHB Tony Godley
|
0-0: Foul Ball, location: 2F 0-1: Ball 1-1: Foul Ball, location: 2F 1-2: Ball 2-2: Fly out, F9 (Flyball, 9, EV 81.2 MPH)
|
Batting: RHB Josh Hopp
|
0-0: Ball 1-0: Swinging Strike 1-1: Foul Ball, location: 2F 1-2: Strikes out swinging
|
Bottom of the 2nd over - 0 runs, 1 hit, 0 errors, 1 left on base; Quad Cities 0 - Delmarva 3 |
TOP OF THE 3RD |
Quad Cities River Bandits batting - Pitching for Delmarva Shorebirds : RHP Kevin Stewart
|
Batting: LHB Danny Wolver
|
0-0: Ball 1-0: Ball 2-0: SINGLE (Groundball, 25, EV 70.0 MPH) (infield hit)
|
Batting: LHB Josh Birkner
|
0-0: Called Strike Danny Wolver steals 2nd, throwing error, E2 Danny Wolver to third 0-1: 2-RUN HOME RUN (Flyball, 89XD, EV 101.9 MPH), Distance : 396 ft
|
Batting: RHB Alex Campos
|
0-0: Ball 1-0: Ball 2-0: Ball 3-0: Base on Balls
|
Batting: LHB Bob Govella
|
0-0: Called Strike 0-1: Swinging Strike 0-2: Ball 1-2: Ball 2-2: Foul Ball, location: 2F 2-2: DOUBLE (Line Drive, 8RXD, EV 103.8 MPH) Alex Campos to third
|
Batting: RHB Kieron Clark
|
0-0: Foul Ball, location: 2F 0-1: Ball 1-1: Ground out 1-3 (Groundball, 13S, EV 68.1 MPH)
|
Batting: LHB Fernando Gomez
|
0-0: Ball 1-0: Foul Ball, location: 2F 1-1: SINGLE (Groundball, 4MD, EV 98.8 MPH) Alex Campos scores Bob Govella to third
|
Batting: RHB Reginald McDougall
|
0-0: Ball 1-0: Foul Ball, location: 2F 1-1: Ball 2-1: Foul Ball, location: 2F 2-2: Foul Ball, location: 2F 2-2: SINGLE (Groundball, 4D, EV 93.8 MPH) Bob Govella scores Fernando Gomez to second Runner from 2nd tries for 3rd, OUT! 8-5
|
Batting: RHB Sean Mounts
|
0-0: Called Strike 0-1: SINGLE (Line Drive, 34D, EV 111.9 MPH) Reginald McDougall to second
|
Batting: LHB Daigo Ishii
|
0-0: Foul Ball, location: 2F 0-1: Ball 1-1: Fly out, F9 (Flyball, 89S, EV 88.8 MPH)
|
Top of the 3rd over - 4 runs, 6 hits, 1 error, 2 left on base; Quad Cities 4 - Delmarva 3 |
BOTTOM OF THE 3RD |
Delmarva Shorebirds batting - Pitching for Quad Cities River Bandits : RHP Ray Strehler
|
Batting: RHB Daniel Jackson
|
0-0: Foul Ball, location: 2F 0-1: Ball 1-1: Foul Ball, location: 2F 1-2: Foul Ball, location: 2F 1-2: SINGLE (Line Drive, 8RS, EV 107.5 MPH)
|
Batting: RHB Ethan Finke
|
0-0: Foul Ball, location: 2F 0-1: Ball 1-1: Ball 2-1: Fly out, F8 (Flyball, 8RXD, EV 101.2 MPH)
|
Batting: RHB Ismael Macedo
|
0-0: Called Strike 0-1: Called Strike 0-2: Foul Ball, location: 2F 0-2: Ball 1-2: Foul Ball, location: 2F 1-2: Ball 2-2: Fly out, F8 (Flyball, 8RM, EV 80.6 MPH)
|
Batting: RHB Luke Vaccarino
|
0-0: Called Strike Daniel Jackson steals 2nd base 0-1: Ball 1-1: Called Strike 1-2: Ball 2-2: Foul Ball, location: 2F 2-2: 2-RUN HOME RUN (Flyball, 9LD, EV 92.5 MPH), Distance : 329 ft
|
Pitching: LHP Glenn Lowther
|
|
Batting: RHB Francisco Viera
|
0-0: Foul Ball, location: 2F 0-1: Swinging Strike 0-2: Strikes out looking
|
Bottom of the 3rd over - 2 runs, 2 hits, 0 errors, 0 left on base; Quad Cities 4 - Delmarva 5 |
TOP OF THE 4TH |
Quad Cities River Bandits batting - Pitching for Delmarva Shorebirds : RHP Kevin Stewart
|
Batting: LHB Danny Wolver
|
0-0: Ground out 1-3 (Groundball, 34S, EV 69.4 MPH)
|
Batting: LHB Josh Birkner
|
0-0: Ball 1-0: Ball 2-0: Ball 3-0: Called Strike 3-1: Base on Balls
|
Batting: RHB Alex Campos
|
0-0: Ball 1-0: Ball 2-0: Called Strike 2-1: SINGLE (Groundball, 6MD, EV 98.1 MPH) Josh Birkner to second Runner from 2nd tries for 3rd, OUT! 8-5 Alex Campos to second
|
Batting: LHB Bob Govella
|
0-0: Called Strike 0-1: Ball 1-1: Fly out, F7 (Flyball, 78S, EV 95.6 MPH)
|
Top of the 4th over - 0 runs, 1 hit, 0 errors, 1 left on base; Quad Cities 4 - Delmarva 5 |
BOTTOM OF THE 4TH |
Delmarva Shorebirds batting - Pitching for Quad Cities River Bandits : LHP Glenn Lowther
|
Batting: RHB Wes Reynolds
|
0-0: Called Strike 0-1: Ball 1-1: Ball 2-1: Ground out 6-3 (Groundball, 6MS, EV 71.9 MPH)
|
Batting: RHB Mike Zepeda
|
0-0: Ball 1-0: Called Strike 1-1: Ball 2-1: Fly out, F8 (Flyball, 8RD, EV 100.0 MPH)
|
Batting: RHB Tony Godley
|
0-0: Called Strike 0-1: Fly out, F7 (Flyball, 7LS, EV 95.6 MPH)
|
Bottom of the 4th over - 0 runs, 0 hits, 0 errors, 0 left on base; Quad Cities 4 - Delmarva 5 |
TOP OF THE 5TH |
Quad Cities River Bandits batting - Pitching for Delmarva Shorebirds : RHP Kevin Stewart
|
Pitching: LHP Andy Shearn
|
|
Batting: RHB Kieron Clark
|
0-0: Ball 1-0: Ball 2-0: Foul Ball, location: 2F 2-1: Ball 3-1: Fly out, F4 (Popup, 3DF, EV 57.5 MPH)
|
Batting: LHB Fernando Gomez
|
0-0: Ball 1-0: Called Strike 1-1: Ball 2-1: Foul Ball, location: 2F 2-2: Ball 3-2: Base on Balls
|
Batting: RHB Reginald McDougall
|
0-0: Ball 1-0: Ball 2-0: Foul Ball, location: 2F 2-1: Ball 3-1: Foul Ball, location: 2F 3-2: Fielders Choice at 2nd, 6-4 (Groundball, 56, EV 107.5 MPH)
|
Batting: RHB Sean Mounts
|
0-0: Ball 1-0: Called Strike Reginald McDougall is caught stealing 2nd base 2-4
|
Top of the 5th over - 0 runs, 0 hits, 0 errors, 0 left on base; Quad Cities 4 - Delmarva 5 |
BOTTOM OF THE 5TH |
Delmarva Shorebirds batting - Pitching for Quad Cities River Bandits : LHP Glenn Lowther
|
Batting: RHB Josh Hopp
|
0-0: Ball 1-0: Called Strike 1-1: Ball 2-1: Fly out, F8 (Flyball, 89M, EV 81.2 MPH)
|
Batting: RHB Daniel Jackson
|
0-0: Ball 1-0: Called Strike 1-1: SINGLE (Groundball, 34D, EV 96.9 MPH)
|
Batting: RHB Ethan Finke
|
0-0: Ball 1-0: Foul Ball, location: 2F 1-1: Ball 2-1: Foul Ball, location: 2F 2-2: Fly out, F3 (Popup, 3S, EV 83.1 MPH)
|
Batting: RHB Ismael Macedo
|
0-0: Called Strike 0-1: Ball 1-1: Foul Ball, location: 2F 1-2: DOUBLE (Line Drive, 89D, EV 106.9 MPH) Daniel Jackson to third
|
Batting: RHB Luke Vaccarino
|
0-0: Ball 1-0: Foul Ball, location: 2F 1-1: Hit by Pitch
|
Batting: RHB Francisco Viera
|
0-0: Ball 1-0: Called Strike 1-1: Foul Ball, location: 2F 1-2: DOUBLE (Groundball, 5L, EV 103.1 MPH) Daniel Jackson scores Ismael Macedo scores Luke Vaccarino to third Runner from 3rd tries for Home, throw by LF and OUT! 7-6-2
|
Bottom of the 5th over - 2 runs, 3 hits, 0 errors, 1 left on base; Quad Cities 4 - Delmarva 7 |
TOP OF THE 6TH |
Quad Cities River Bandits batting - Pitching for Delmarva Shorebirds : LHP Andy Shearn
|
Batting: RHB Sean Mounts
|
0-0: Ball 1-0: Swinging Strike 1-1: Ball 2-1: Ball 3-1: Fly out, F2 (Popup, 2RF, EV 95.0 MPH)
|
Batting: LHB Daigo Ishii
|
0-0: Swinging Strike 0-1: Foul Ball, location: 2F 0-2: Ball 1-2: Strikes out swinging
|
Batting: LHB Danny Wolver
|
0-0: Ball 1-0: Ball 2-0: Called Strike 2-1: Ball 3-1: Fly out, F8 (Line Drive, 89M, EV 99.4 MPH)
|
Top of the 6th over - 0 runs, 0 hits, 0 errors, 0 left on base; Quad Cities 4 - Delmarva 7 |
BOTTOM OF THE 6TH |
Delmarva Shorebirds batting - Pitching for Quad Cities River Bandits : LHP Glenn Lowther
|
Batting: RHB Wes Reynolds
|
0-0: Ball 1-0: Ground out 5-3 (Groundball, 5S, EV 87.5 MPH)
|
Batting: RHB Mike Zepeda
|
0-0: Ball 1-0: Ball 2-0: SINGLE (Line Drive, 8RS, EV 113.1 MPH)
|
Batting: RHB Tony Godley
|
0-0: Called Strike 0-1: Fly out, F4 (Line Drive, 4, EV 70.0 MPH)
|
Batting: RHB Josh Hopp
|
0-0: Called Strike Mike Zepeda is caught stealing 2nd base 2-4
|
Bottom of the 6th over - 0 runs, 1 hit, 0 errors, 0 left on base; Quad Cities 4 - Delmarva 7 |
TOP OF THE 7TH |
Quad Cities River Bandits batting - Pitching for Delmarva Shorebirds : LHP Andy Shearn
|
Pitching: RHP Jose Santos
|
|
Now at 1B: Wes Reynolds
|
|
Now at 3B: Matt O'Dea
|
|
Batting: LHB Josh Birkner
|
0-0: Ball 1-0: Foul Ball, location: 2F 1-1: Ball 2-1: SOLO HOME RUN (Flyball, 89XD, EV 110.0 MPH), Distance : 417 ft
|
Batting: RHB Alex Campos
|
0-0: Called Strike 0-1: Ball 1-1: Foul Ball, location: 2F 1-2: Strikes out looking
|
Batting: LHB Bob Govella
|
0-0: Ball 1-0: Foul Ball, location: 2F 1-1: Ball 2-1: Ball 3-1: Called Strike 3-2: Strikes out swinging
|
Batting: RHB Kieron Clark
|
0-0: Ball 1-0: Ball 2-0: Reached on error, E5 (Groundball, 56, EV 104.4 MPH)
|
Batting: LHB Fernando Gomez
|
0-0: Called Strike 0-1: Foul Ball, location: 2F 0-2: Strikes out swinging
|
Top of the 7th over - 1 run, 1 hit, 1 error, 1 left on base; Quad Cities 5 - Delmarva 7 |
BOTTOM OF THE 7TH |
Delmarva Shorebirds batting - Pitching for Quad Cities River Bandits : LHP Glenn Lowther
|
Batting: RHB Josh Hopp
|
0-0: Called Strike 0-1: Ball 1-1: Ball 2-1: Fly out, F5 (Popup, 56S, EV 79.4 MPH)
|
Batting: RHB Daniel Jackson
|
0-0: Ball 1-0: Fly out, F2 (Popup, 2LF, EV 86.9 MPH)
|
Batting: RHB Ethan Finke
|
0-0: Ball 1-0: Foul Ball, location: 2F 1-1: Swinging Strike 1-2: Ball 2-2: Ground out 4-3 (Groundball, 34, EV 108.8 MPH)
|
Bottom of the 7th over - 0 runs, 0 hits, 0 errors, 0 left on base; Quad Cities 5 - Delmarva 7 |
TOP OF THE 8TH |
Quad Cities River Bandits batting - Pitching for Delmarva Shorebirds : RHP Jose Santos
|
Pitching: RHP Fabiano Ceriani
|
|
Batting: RHB Reginald McDougall
|
0-0: Called Strike 0-1: Called Strike 0-2: Foul Ball, location: 2F 0-2: Ball 1-2: Strikes out swinging
|
Batting: RHB Sean Mounts
|
0-0: Foul Ball, location: 2F 0-1: Ball 1-1: Foul Ball, location: 2F 1-2: Ball 2-2: Foul Ball, location: 2F 2-2: Ball 3-2: Base on Balls
|
Batting: LHB Daigo Ishii
|
0-0: Foul Ball, location: 2F 0-1: Foul Ball, location: 2F 0-2: Strikes out swinging
|
Batting: LHB Danny Wolver
|
0-0: Called Strike 0-1: Ball 1-1: Foul Ball, location: 2F 1-2: Ball 2-2: Foul Ball, location: 2F 2-2: Ground out 6-3 (Groundball, 6MS, EV 86.2 MPH)
|
Top of the 8th over - 0 runs, 0 hits, 0 errors, 1 left on base; Quad Cities 5 - Delmarva 7 |
BOTTOM OF THE 8TH |
Delmarva Shorebirds batting - Pitching for Quad Cities River Bandits : LHP Glenn Lowther
|
Pitching: RHP Carlos Zavala
|
|
Batting: RHB Ismael Macedo
|
0-0: Ball 1-0: Ball 2-0: Called Strike 2-1: Foul Ball, location: 2F 2-2: Ground out 4-3 (Groundball, 34, EV 109.4 MPH)
|
Batting: RHB Luke Vaccarino
|
0-0: Called Strike 0-1: Foul Ball, location: 2F 0-2: Ball 1-2: Foul Ball, location: 2F 1-2: Foul Ball, location: 2F 1-2: Foul Ball, location: 2F 1-2: Fly out, F6 (Popup, 6, EV 55.6 MPH)
|
Batting: RHB Francisco Viera
|
0-0: Called Strike 0-1: Fly out, F9 (Flyball, 89XD, EV 75.6 MPH)
|
Bottom of the 8th over - 0 runs, 0 hits, 0 errors, 0 left on base; Quad Cities 5 - Delmarva 7 |
TOP OF THE 9TH |
Quad Cities River Bandits batting - Pitching for Delmarva Shorebirds : RHP Fabiano Ceriani
|
Pitching: RHP Harley Hyde
|
|
Now at 1B: Matt O'Dea
|
|
Now at 2B: HonĂ³rio Szenes
|
|
Now at 3B: Francisco Viera
|
|
Batting: LHB Josh Birkner
|
0-0: Ball 1-0: Ball 2-0: Ball 3-0: Base on Balls
|
Pinch Hitting: LHB Kelvin Jones
|
0-0: Ball 1-0: Swinging Strike 1-1: Called Strike 1-2: Foul Ball, location: 2F 1-2: Ball 2-2: Ball 3-2: Base on Balls Josh Birkner to second
|
Batting: LHB Bob Govella
|
0-0: Grounds into double play, 4-6-3 (Groundball, 4, EV 101.2 MPH) Josh Birkner to third
|
Pinch Hitting: LHB Aldo Kok
|
0-0: Ball 1-0: Ball Passed Ball! Josh Birkner scores 2-0: Ball 3-0: Base on Balls
|
Batting: LHB Fernando Gomez
|
0-0: Fielders Choice at 2nd, 6-4 (Groundball, 6, EV 88.1 MPH)
|
Top of the 9th over - 1 run, 0 hits, 0 errors, 1 left on base; Quad Cities 6 - Delmarva 7 |
|